 Dungeon Crawl Stone Soup version 0.25-a0-435-g4b9beb1024 (webtiles) character file.

Game seed: 4544850987986789095, levelgen mode: deterministic

12861 ReteAZ the Severer (level 11, -7/82 HPs)
             Began as a Minotaur Berserker on Jan 25, 2020.
             Was an Elder of Trog.
             Mangled by a harpy simulacrum (9 damage)
             ... in a Gauntlet on Jan 26, 2020.
             The game lasted 00:18:20 (11190 turns).

ReteAZ the Severer (Minotaur Berserker)            Turns: 11190, Time: 00:18:20

Health: -7/82      AC: 20    Str: 23    XL:     11   Next: 68%
Magic:  19/19      EV: 13    Int: 13    God:    Trog [****..]
Gold:   567        SH:  0    Dex: 16    Spells: 10/10 levels left

rFire    + . .     SeeInvis .   J - +1 battleaxe
rCold    . . .     Gourm    .   (shield currently unavailable)
rNeg     . . .     Faith    .   K - +0 plate armour
rPois    .         Spirit   .   (helmet restricted)
rElec    .         Reflect  .   P - +1 cloak
rCorr    +         Harm     .   g - +2 pair of gloves of the World {+Inv rF+ Int+8}
MR       ++...     NoTele   +   (no boots)
Stlth    ..........             (no amulet)
HPRegen  1.23/turn              O - ring of resist corrosion
MPRegen  0.16/turn              l - ring of magical power

@: agile, regenerating
A: retaliatory headbutt, horns 2
a: Berserk, Trog's Hand, Brothers in Arms, Renounce Religion, Evoke Invisibility


You were in a Gauntlet.
You worshipped Trog.
Trog was greatly pleased with you.
You were hungry.

You visited 1 branch of the dungeon, and saw 11 of its levels.
You also visited: Gauntlet.

You collected 567 gold pieces.

Inventory:

Hand Weapons
 a - a +0 hand axe
 C - a +0 broad axe
 J - a +1 battleaxe (weapon)
Armour
 b - a +0 animal skin
 g - the +2 pair of gloves of the World (worn) {+Inv rF+ Int+8}
   (You acquired it on level 11 of the Dungeon)

   It affects your intelligence (+8).
   It protects you from fire.
   It lets you turn invisible.
   If you remove this armour, your AC will fall 3 points (20 -> 17)
 j - a +0 chain mail
 s - a +0 buckler
 F - a +1 pair of gloves
 K - a +0 plate armour (worn)
 P - a +1 cloak (worn)
Jewellery
 l - a ring of magical power (right hand)
 o - an uncursed amulet of guardian spirit
 r - an uncursed amulet of magic regeneration
 z - an uncursed amulet of faith
 G - an uncursed amulet of magic regeneration
 O - a ring of resist corrosion (left hand)
Wands
 A - a wand of disintegration (13)
 E - a wand of iceblast (4)
 I - a wand of polymorph (8)
 M - a wand of paralysis (8)
Scrolls
 e - 5 scrolls of teleportation
 p - 2 scrolls of remove curse
 q - 2 scrolls of enchant weapon
 t - 2 scrolls of enchant armour
 u - a scroll of noise
 y - 2 scrolls of magic mapping
 H - 3 scrolls of fear
 N - 2 scrolls of silence
Potions
 d - 3 potions of curing
 h - a potion of magic
 k - 3 potions of cancellation
 v - 2 potions of might
 w - a potion of mutation
 x - a potion of ambrosia {unknown}
 B - a potion of degeneration {unknown}
 L - a potion of flight
Comestibles
 c - 17 rations
 m - 7 chunks of flesh


   Skills:
 - Level 3.6 Fighting
 * Level 18.6 Axes
 - Level 10.4 Armour
 - Level 2.1 Dodging


You had 10 spell levels left.
You didn't know any spells.
Your spell library was empty.

Dungeon Overview and Level Annotations

Branches:
Dungeon (11/15)            Temple (0/1) D:4            Lair (0/6) D:9
    Orc (0/2) D:9         Gauntlet (1/1)

Altars:
Ashenzari

Annotations:
D:7 2 runed translucent doors, anything's ghost, novice TrMo Gauntlet 13 transporters


Innate Abilities, Weirdness & Mutations

You reflexively headbutt those who attack you in melee.
You have a pair of horns on your head.


Message History

You headbutt the wolf spider simulacrum!
The wolf spider simulacrum barely misses you.
Okay, then.
The harpy simulacrum claws you but does no damage. x2
You feel much better.
The harpy simulacrum claws you but does no damage.
The harpy simulacrum completely misses you.
The harpy simulacrum claws you but does no damage.
The harpy simulacrum claws you.
* * * LOW HITPOINT WARNING * * *
The harpy simulacrum freezes you!
* * * LOW HITPOINT WARNING * * *
The harpy simulacrum claws you but does no damage. x2
You feel agile all of a sudden. The harpy simulacrum barely misses you.
The harpy simulacrum claws you but does no damage.
The harpy simulacrum claws you.
* * * LOW HITPOINT WARNING * * *
The harpy simulacrum freezes you!
You die...

.................................
.................................
###########.###########.#########
#..?[©=...#.##^[!©.#Z##.#...$©[?.
#...#.#...#.#..##Z#)#^#.#......^.
#....#....#.##.####..##.#..^.....
#.#..#..#.#.#...####.##.#........
#.#######.#.##Z######^#.#....©...
#.#..#©.#u#.#.ZZ@#..#.#.#........
#....#....#.##.##.##.^#.#........
#...###...#.#.#..#.##§#.#..5.....
#.........#.#..#.##..##.#552.....
#################################
....#©...........©...........©#≈≈
....#############.###############
##..............#.#≈≈8§≈#©.......
8#..............#.###############


You could see a brown ugly thing, a harpy simulacrum, a wolf spider simulacrum
and a centaur warrior simulacrum.

Vanquished Creatures
  2 two-headed ogres
  A tengu warrior (Gauntlet)
  A necromancer (Gauntlet)
  Maurice (D:10)
  A tengu conjurer (Gauntlet)
  A troll (D:10)
  Prince Ribbit (D:6)
  A hippogriff (D:9)
  A spriggan (D:8)
  A basilisk (D:9)
  18 yaks
  4 wyverns
  A hungry ghost (D:11)
  2 wargs (D:9)
  A water moccasin (D:9)
  3 porcupines (D:9)
  4 orc warriors
  4 ice beasts
  A sky beast (D:5)
  2 black bears
  2 necrophages (D:9)
  An ogre (D:7)
  4 phantoms
  5 wolves (Gauntlet)
  3 crocodiles
  3 centaurs
  A big kobold (D:10)
  Blork the orc (D:5)
  3 bullfrogs
  2 scorpions
  6 killer bees (D:9)
  A howler monkey (D:10)
  2 electric eels (D:8)
  5 crimson imps
  A bullfrog zombie (D:5)
  6 orc priests
  2 bullfrog skeletons
  2 centaur zombies
  4 jellies
  8 orc wizards
  7 hounds
  A centaur skeleton (D:9)
  5 iguanas
  7 worker ants
  A hound skeleton (D:6)
  A howler monkey skeleton (D:7)
  2 worker ant zombies
  13 adders
  A shadow imp (D:5)
  An ooze (D:3)
  An adder zombie (D:7)
  6 worms
  2 dart slugs
  3 leopard geckos
  29 orcs
  4 giant cockroaches
  8 goblins
  5 hobgoblins
  6 jackals
  2 quokkas
  A ball python (D:1)
  13 bats
  5 frilled lizards
  A jackal skeleton (D:6)
  A jackal zombie (D:7)
  10 kobolds
  2 leopard gecko skeletons
  A quokka skeleton (D:4)
  A quokka zombie (D:9)
  5 rats
  2 plants (D:8)
260 creatures vanquished.

Vanquished Creatures (others)
  A fungus (Gauntlet)
  16 plants
  A withered plant (Gauntlet)
18 creatures vanquished.

Grand Total: 278 creatures vanquished

Notes
Turn   | Place    | Note
-------+----------+-------------------------------------------
     0 | D:1      | ReteAZ the Minotaur Berserker began the quest for the Orb.
     0 | D:1      | Reached XP level 1. HP: 19/19 MP: 0/0
   104 | D:1      | Reached skill level 4 in Axes
   632 | D:1      | Reached XP level 2. HP: 15/26 MP: 1/1
  1057 | D:2      | Reached skill level 5 in Axes
  1057 | D:2      | Reached XP level 3. HP: 20/31 MP: 2/2
  2231 | D:3      | Reached ** piety under Trog
  2240 | D:3      | Reached XP level 4. HP: 38/39 MP: 3/3
  2265 | D:3      | Reached skill level 6 in Axes
  2943 | D:4      | Reached XP level 5. HP: 43/45 MP: 4/4
  2947 | D:4      | Reached skill level 7 in Axes
  2985 | D:4      | Found a staircase to the Ecumenical Temple.
  3063 | D:4      | Noticed a phantom
  3080 | D:4      | Killed a phantom
  3221 | D:4      | Reached skill level 8 in Axes
  3242 | D:4      | Reached XP level 6. HP: 37/51 MP: 5/5
  3400 | D:4      | Reached *** piety under Trog
  3505 | D:4      | Reached skill level 9 in Axes
  3858 | D:5      | Entered Level 5 of the Dungeon
  3922 | D:5      | Noticed Blork the orc
  3932 | D:5      | Killed Blork the orc
  3932 | D:5      | Reached XP level 7. HP: 57/57 MP: 6/6
  3938 | D:5      | Reached skill level 10 in Axes
  4531 | D:5      | Reached skill level 11 in Axes
  5067 | D:6      | You fall into a shaft and drop 1 floor!
  5086 | D:7      | Reached XP level 8. HP: 60/64 MP: 7/7
  5343 | D:7      | Reached skill level 12 in Axes
  6184 | D:6      | Noticed Prince Ribbit
  6198 | D:6      | Killed Prince Ribbit
  6198 | D:6      | Reached skill level 5 in Armour
  6664 | D:7      | Reached skill level 13 in Axes
  6709 | D:7      | Found a large runed translucent door.
  6710 | D:7      | Found a large runed translucent door.
  6712 | D:7      | Noticed anything's ghost (novice TrMo)
  6842 | D:7      | Reached XP level 9. HP: 64/70 MP: 8/8
  6980 | D:8      | Reached **** piety under Trog
  6982 | D:8      | Reached skill level 14 in Axes
  7894 | D:8      | Found a shattered altar of Ashenzari.
  8317 | D:9      | Reached XP level 10. HP: 77/77 MP: 9/9
  8322 | D:9      | Reached skill level 15 in Axes
  8380 | D:9      | Found a staircase to the Lair.
  8596 | D:9      | Noticed a two-headed ogre
  8607 | D:9      | Killed a two-headed ogre
  8616 | D:9      | Reached skill level 16 in Axes
  8858 | D:9      | Reached skill level 10 in Armour
  8885 | D:9      | Reached XP level 11. HP: 33/82 MP: 10/10
  9233 | D:9      | Reached skill level 17 in Axes
  9257 | D:9      | Found a staircase to the Orcish Mines.
  9682 | D:10     | Entered Level 10 of the Dungeon
  9894 | D:10     | Noticed Maurice
  9899 | D:10     | Noticed a two-headed ogre
  9992 | D:10     | Paralysed by Maurice for 3 turns
 10002 | D:10     | Killed Maurice
 10019 | D:10     | Killed a two-headed ogre
 10587 | D:11     | Reached skill level 18 in Axes
 10618 | D:11     | Identified a scroll of acquirement
 10618 | D:11     | Identified the +2 pair of gloves of the World {+Inv rF+
                  | Int+8} (You acquired it on level 11 of the Dungeon)
 10687 | D:11     | Found a gate leading to a gauntlet.
 10695 | Gauntlet | Entered a Gauntlet
 10695 | Gauntlet | Found a transporter.
 10696 | Gauntlet | Upgraded the game from 0.25-a0-426-g7d9e569eea to
                  | 0.25-a0-435-g4b9beb1024
 10705 | Gauntlet | Noticed a tengu warrior
 10706 | Gauntlet | Found a transporter.
 10721 | Gauntlet | Found a transporter.
 10726 | Gauntlet | Found a transporter.
 10740 | Gauntlet | Noticed a brown ugly thing
 10740 | Gauntlet | Noticed a great orb of eyes
 10741 | Gauntlet | Found a transporter.
 10741 | Gauntlet | Noticed a white ugly thing
 10760 | Gauntlet | Found a transporter.
 10771 | Gauntlet | Noticed a blizzard demon
 10772 | Gauntlet | Found a transporter.
 10788 | Gauntlet | Found a transporter.
 10788 | Gauntlet | Noticed a fire crab
 10800 | Gauntlet | Found a transporter.
 10802 | Gauntlet | Noticed an entropy weaver
 10812 | Gauntlet | Found a transporter.
 10812 | Gauntlet | Noticed a death drake
 10829 | Gauntlet | Found a transporter.
 10847 | Gauntlet | Found a transporter.
 10849 | Gauntlet | Found a transporter.
 10913 | Gauntlet | Found a transporter.
 10917 | Gauntlet | Noticed a necromancer
 10920 | Gauntlet | Found a transporter.
 10931 | Gauntlet | Killed a necromancer
 10935 | Gauntlet | Found a transporter.
 11021 | Gauntlet | Found a transporter.
 11025 | Gauntlet | Found a transporter.
 11149 | Gauntlet | Killed a tengu warrior
 11189 | Gauntlet | HP: 3/82 [harpy simulacrum (17)]
 11190 | Gauntlet | Mangled by a harpy simulacrum

Levels and vault maps discovered:
D:1:      dpeg_arrival_tiny_j, layout_rooms
D:2:      layout_basic, minmay_hexomino_p4
D:3:      layout_loops_corners, first_ration
D:4:      layout_loops_ring, minmay_temple_entry_large_hall
D:5:      layout_loops_ring, lemuel_flamethrower_2, uniq_blork_the_orc
D:6:      layout_loops_ring, uniq_prince_ribbit1
D:7:      layout_loops_ring, ebering_ghost_disaster_area
D:8:      layout_basic, nicolae_overflow_hidden_temple, the_bakery,
          serial_bayou_lake_a
D:9:      minmay_bloctagon_deflated, layout_gridville, minmay_lair_entry_grove,
          david_orc_1_choice
D:10:     layout_rooms, uniq_maurice
D:11:     layout_stronghold, gauntlet_entry_generic, nicolae_gozag_seed_capital,
          uniq_josephine
Gauntlet: gammafunk_gauntlet_one_two_three [gammafunk_gauntlet_arena_spirals,
          gammafunk_gauntlet_arena_split_diamond,
          gammafunk_gauntlet_arena_teeth, nicolae_gauntlet_arena_t_cross,
          gammafunk_gauntlet_arena_mazey, gammafunk_gauntlet_arena_open,
          nicolae_gauntlet_arena_x, gammafunk_gauntlet_arena_arrow_garden,
          nicolae_gauntlet_arena_grate_2, gauntlet_exit_spiral]

Skill      XL: |  1  2  3  4  5  6  7  8  9 10 11 |
---------------+----------------------------------+-----
Axes           | 4 5 6 8 9 11 13 14 16 18 | 18.6
Armour         | 5 8 10 | 10.4
Fighting       | |  3.6
Dodging        | |  2.1

Action                   |  1- 3 |  4- 6 |  7- 9 | 10-12 || total
-------------------------+-------+-------+-------+-------++-------
Melee: Hand axe          |    95 |   174 |    66 |       ||   335
       Headbutt          |    11 |    31 |    50 |    61 ||   153
       Broad axe         |       |       |   214 |   156 ||   370
       Battleaxe         |       |       |       |   159 ||   159
Invok: Berserk           |       |     1 |     3 |     7 ||    11
       Trog's Hand       |       |       |     2 |    10 ||    12
  Use: Potion            |       |       |     1 |     4 ||     5
       Scroll            |       |       |       |    24 ||    24
  Eat: Chunk             |     4 |     6 |    14 |    21 ||    45
       Ration            |       |       |     1 |       ||     1
Armor: Animal skin       |     6 |       |       |       ||     6
       Chain mail        |    53 |    77 |   101 |       ||   231
       Plate armour      |       |       |    16 |   213 ||   229
Dodge: Dodged            |    55 |    60 |    87 |   126 ||   328

Table legend:
 A = Non-vault XP
 B = Vault XP
 C = Vault XP percentage of total XP
 D = Non-vault monster count
 E = Vault monster count
 F = Vault count percentage of total count
                 A         B        C        D         E       F
            +---------+---------+-------+---------+---------+-------
      Total |   10949 |    7424 |  40.4 |     219 |      39 |  15.1
            +---------+---------+-------+---------+---------+-------
        D:1 |      16 |       0 |   0.0 |       9 |       0 |   0.0
        D:2 |      51 |      15 |  22.7 |      19 |       3 |  13.6
        D:3 |      64 |       0 |   0.0 |      31 |       0 |   0.0
        D:4 |     531 |       0 |   0.0 |      26 |       0 |   0.0
        D:5 |     482 |      94 |  16.3 |      13 |       1 |   7.1
        D:6 |     324 |     268 |  45.3 |      12 |       1 |   7.7
        D:7 |    1112 |       0 |   0.0 |      23 |       0 |   0.0
        D:8 |    2286 |     215 |   8.6 |      20 |       1 |   4.8
        D:9 |    3370 |    3906 |  53.7 |      43 |      24 |  35.8
       D:10 |    2400 |     472 |  16.4 |      19 |       1 |   5.0
       D:11 |     313 |       0 |   0.0 |       4 |       0 |   0.0
   Gauntlet |       0 |    2454 | 100.0 |       0 |       8 | 100.0
            +---------+---------+-------+---------+---------+-------
